 Dungeon Crawl Stone Soup version 0.24-a0-378-g94936e539c (webtiles) character file.

Game seed: 18325732451310565600

4729 EvilAshe the Summoner (level 10, -3/53 (54) HPs)
             Began as a Tengu Summoner on June 1, 2019.
             Was a Priest of Sif Muna.
             Slain by an ice beast (4 damage)
             ... summoned by Fannar
             ... on level 10 of the Dungeon.
             The game lasted 00:42:58 (15217 turns).

EvilAshe the Summoner (Tengu Summoner)             Turns: 15217, Time: 00:42:58

HP:   -3/53 (54)    AC:  8    Str:  8      XL:     10   Next: 46%
MP:   13/21         EV: 15    Int: 21      God:    Sif Muna [***...]
Gold: 515           SH:  3    Dex:  9 (12) Spells: 13/22 levels left

rFire    . . .     SeeInvis .   q - +1 halberd
rCold    + . .     Gourm    .   (shield currently unavailable)
rNeg     . . .     Faith    .   l - +0 ring mail
rPois    .         Spirit   .   (helmet restricted)
rElec    .         Reflect  +   h - +0 cloak
rCorr    .         Harm     .   B - +0 pair of gloves
MR       .....                  (boots unavailable)
Stlth    +.........             F - amulet of Goaq {Reflect +Inv rC+ Int+3 Dex-4 SH+3}
HPRegen  0.17/turn              (no ring)
MPRegen  0.17/turn              (no ring)

@: flying quickly and evasively, very slightly contaminated, divine energy,
quick
A: beak, talons 3, able to fly
a: Stop Flying, Stop Divine Energy, Channel Magic, Renounce Religion, Evoke
Invisibility


You were on level 10 of the Dungeon.
You worshipped Sif Muna.
Sif Muna was most pleased with you.
You were hungry.

You visited 1 branch of the dungeon, and saw 10 of its levels.
You also visited: Ossuary.

You collected 515 gold pieces.

Inventory:

Hand Weapons
 m - a +0 short sword
   (You found it on level 2 of the Dungeon)
 q - a +1 halberd (weapon)
   (You took it off a gnoll on level 2 of the Dungeon)
Armour
 a - a +0 robe
 h - a +0 cloak (worn)
   (You took it off Crazy Yiuf on level 4 of the Dungeon)
 l - a +0 ring mail (worn)
   (You found it on level 2 of the Dungeon)
 r - the +1 robe of Hairiness {rF- rC++ MR+ Regen+}
   (You took it off an orc on level 6 of the Dungeon)

   It makes you vulnerable to fire.
   It greatly protects you from cold.
   It affects your resistance to hostile enchantments.
   It increases your rate of regeneration.
 B - a +0 pair of gloves (worn)
   (You found it on level 6 of the Dungeon)
Jewellery
 F - the amulet of Goaq (around neck) {Reflect +Inv rC+ Int+3 Dex-4 SH+3}
   (You found it on level 7 of the Dungeon)

   [amulet of reflection]

   It shields you and reflects attacks.
   It affects your intelligence (+3).
   It affects your dexterity (-4).
   It protects you from cold.
   It lets you turn invisible.
   It affects your SH (+3).
Wands
 d - a wand of iceblast (5)
   (You found it on level 9 of the Dungeon)
 t - a wand of flame (55)
   (You found it on level 2 of the Dungeon)
 u - a wand of paralysis (20)
   (You found it on level 8 of the Dungeon)
 v - a wand of clouds (4)
   (You found it on level 5 of the Dungeon)
 E - a wand of polymorph (7)
   (You found it on level 7 of the Dungeon)
Scrolls
 b - a scroll of immolation {unknown}
 c - a scroll of teleportation {@r4}
 g - 5 scrolls of fear
 j - a scroll of enchant weapon
 s - a scroll of amnesia
 w - 4 scrolls of remove curse {@r2}
 y - a scroll of vulnerability {!r}
 G - a scroll of blinking {unknown}
 I - a scroll of identify {@r1}
Potions
 f - 9 potions of lignification {!q}
 i - 2 potions of flight
 k - a potion of cancellation
 n - 4 potions of heal wounds {@q2}
 o - 6 potions of haste {@q3}
 p - 4 potions of curing {@q1}
 x - 2 potions of berserk rage
 z - 2 potions of agility
 A - 2 potions of invisibility
 C - a potion of brilliance
 D - a potion of resistance {unknown}
Comestibles
 e - 5 rations {!d}


   Skills:
 + Level 2.4 Fighting
 - Level 4.0 Armour
 + Level 7.9 Dodging
 - Level 2.0 Stealth
 + Level 6.7 Spellcasting
 + Level 10.1 Summonings
 - Level 5.1 Ice Magic
 + Level 3.8 Evocations


You had 13 spell levels left.
You knew the following spells:

 Your Spells              Type           Power        Failure   Level  Hunger
a - Call Imp              Summ           #####...     1%          2    None
c - Call Canine Familiar  Summ           #####...     1%          3    #......
d - Summon Ice Beast      Ice/Summ       #####...     11%         4    ###....

Your spell library contained the following spells:

 Spells                   Type           Power        Failure   Level  Hunger
 Summon Small Mammal      Summ           ####         1%          1    None
 Summon Guardian Golem    Hex/Summ       ####....     10%         3    #......
 Summon Lightning Spire   Summ/Air       ####....     30%         4    ###....


Dungeon Overview and Level Annotations

Branches:
Dungeon (10/15)            Temple (0/1) D:6            Lair (0/6) D:8
    Orc: D:9-12

Altars:
Ashenzari
Cheibriados
Gozag
Nemelex Xobeh
Okawaru
Sif Muna
Uskayaw

Annotations:
D:10 Fannar


Innate Abilities, Weirdness & Mutations

You have a beak for a mouth.
You have claws for feet.
You can fly continuously.


Message History

The monsters around Fannar are frozen!
Your white imp resists.
Fannar resists.
Your crimson imp is frozen!
Your crimson imp dies!
Your iron imp resists.
Your hound barely misses Fannar.
Your white imp gestures at Fannar.
The puff of frost hits Fannar.
Fannar resists.
The ice beast misses you.
Your iron imp hits Fannar.
Fannar casts a spell.
Your hound closely misses Fannar.
Your ring mail prevents you from hitting Fannar.
Your hound bites Fannar but does no damage.
Your white imp misses Fannar.
The ice beast hits you.
* * * LOW HITPOINT WARNING * * *
The ice beast freezes you. You resist.
* * * LOW HITPOINT WARNING * * *
Fannar hits you but does no damage.
Your iron imp hits Fannar but does no damage.
Your hound completely misses Fannar.
Your white imp hits Fannar but does no damage.
The ice beast closely misses you.
You closely miss Fannar. Your hound misses Fannar.
Fannar casts a spell.
The ice beast hits your iron imp but does no damage.
Your iron imp closely misses Fannar.
Your hound bites Fannar.
Your white imp misses Fannar.
The ice beast hits you but does no damage.
Fannar hits your hound with a +0 quarterstaff of freezing!
Fannar freezes your hound.
Your hound dies!
Your hound's corpse disappears in a puff of smoke!
The ice beast barely misses your iron imp.
You barely miss Fannar.
Fannar shouts!
Your kick misses Fannar.
Your white imp closely misses Fannar.
Your iron imp closely misses Fannar.
You block the ice beast's attack.
Fannar says, "An icy embrace awaits you..."
Fannar hits you with a +0 quarterstaff of freezing!
* * * LOW HITPOINT WARNING * * *
The ice beast hits your white imp.
Your white imp dies!
The ice beast hits your iron imp but does no damage.
Your iron imp hits Fannar but does no damage.
The ice beast barely misses you.
You barely miss Fannar. Fannar closely misses you.
The ice beast closely misses your iron imp.
The ice beast hits you.
You die...

###########
###................
...........
#........5.##.....#
...<........
.........##########
....Z.......###.......##
.....D................#
...<..................#
......................##
..#............Y.##....#
c...............@5Y....#
.................eY..###
......#.##..## .$..
.....#####.## ....
....... #..# #.. .......
#...## ...
............## #.#
.........e.. #.#
.##.........


You could see Fannar, 3 ice beasts and a friendly iron imp.

Vanquished Creatures
  A two-headed ogre (D:8)
  A troll (D:9)
  A wyvern (D:8)
  Edmund (D:3)
  An orc warrior (D:6)
  An ice beast (D:9)
  An ogre (D:8)
  A crocodile (D:7)
  A big kobold (D:8)
  2 bullfrogs
  A scorpion (D:7)
  3 killer bees (D:7)
  A howler monkey (D:6)
  A crimson imp (D:3)
  2 bullfrog zombies (D:7)
  2 centaur zombies
  3 jellies
  An orc priest (D:4)
  2 hounds
  3 orc wizards
  2 iguanas
  3 worker ants
  A hound zombie (D:8)
  A hound skeleton (D:8)
  A mummy (Ossuary)
  Robin (D:2)
  A howler monkey skeleton (D:4)
  6 adders
  A shadow imp (D:5)
  2 adder skeletons (D:4)
  3 dart slugs
  4 leopard geckos
  10 orcs
  2 ball pythons
  6 bats
  A giant cockroach (D:2)
  4 goblins
  5 hobgoblins
  4 jackals
  5 quokkas
  2 frilled lizards (D:2)
  A hobgoblin zombie (Ossuary)
  11 kobolds
  10 rats
117 creatures vanquished.

Vanquished Creatures (collateral kills)
  A two-headed ogre (D:9)
  An unseen horror (D:8)
  The ghost of motoroller71 the Slasher, a novice HuGl of Makhleb (D:5)
  Prince Ribbit (D:9)
  Menkaure (D:4)
  A water moccasin (D:9)
  A sky beast (D:8)
  5 ogres
  A necrophage (D:8)
  An eye of draining (D:8)
  A phantom (D:4)
  A centaur (D:10)
  A bullfrog (D:8)
  5 scorpions (Ossuary)
  A water moccasin skeleton (D:8)
  4 crimson imps
  3 quasits
  A centaur zombie (Ossuary)
  2 hounds
  2 jellies (D:5)
  Crazy Yiuf (D:4)
  6 orc priests
  3 human zombies (Ossuary)
  6 orc wizards
  3 iguanas
  3 worker ants
  A big kobold zombie (Ossuary)
  An ogre zombie (D:10)
  2 mummies (Ossuary)
  4 adders
  6 gnolls (D:2)
  A scorpion zombie (Ossuary)
  An ooze (D:1)
  2 worms
  A dart slug (D:1)
  3 leopard geckos
  16 orcs
  A ball python (D:5)
  A giant cockroach (D:6)
  3 hobgoblins (D:3)
  6 jackals
  5 bats
  4 frilled lizards
  4 gnoll zombies (Ossuary)
  5 goblins
  A kobold (D:2)
  A kobold zombie (Ossuary)
  3 orc zombies
  A quokka skeleton (D:5)
  3 rats
133 creatures vanquished.

Vanquished Creatures (others)
  2 scorpions (Ossuary)
  A goblin zombie (Ossuary)
3 creatures vanquished.

Grand Total: 253 creatures vanquished

Notes
Turn   | Place    | Note
-------+----------+-------------------------------------------
     0 | D:1      | EvilAshe the Tengu Summoner began the quest for the Orb.
     0 | D:1      | Reached XP level 1. HP: 10/10 MP: 4/4
   216 | D:1      | Reached skill level 5 in Summonings
   289 | D:1      | Reached XP level 2. HP: 15/15 MP: 3/6
   293 | D:1      | Learned a level 2 spell: Call Imp
  1221 | D:1      | Reached XP level 3. HP: 19/19 MP: 3/7
  1258 | D:1      | Learned a level 3 spell: Call Canine Familiar
  1719 | D:2      | Found an iron altar of Okawaru.
  2091 | D:2      | Reached XP level 4. HP: 21/24 MP: 5/8
  2267 | D:2      | Reached skill level 6 in Summonings
  2727 | D:3      | Noticed Robin
  2877 | D:2      | Killed Robin
  2877 | D:2      | Gained mutation: You can fly continuously. [Tengu growth]
  2877 | D:2      | Reached XP level 5. HP: 23/28 MP: 7/10
  3341 | D:3      | Found a shattered altar of Ashenzari.
  3703 | D:3      | Learned a level 4 spell: Summon Ice Beast
  3704 | D:4      | Noticed Edmund
  4176 | D:4      | Found a sparkling altar of Nemelex Xobeh.
  4953 | D:3      | Reached XP level 6. HP: 22/32 MP: 4/11
  5127 | D:4      | Noticed Menkaure
  5134 | D:4      | Killed Menkaure
  5134 | D:4      | Reached skill level 7 in Summonings
  5134 | D:4      | Reached skill level 1 in Ice Magic
  5764 | D:4      | Reached XP level 7. HP: 34/36 MP: 9/13
  5939 | D:4      | Found a deep blue altar of Sif Muna.
  5959 | D:4      | Became a worshipper of Sif Muna the Loreminder
  6396 | D:4      | Found a runed translucent door.
  6397 | D:4      | Noticed Crazy Yiuf
  6409 | D:4      | Killed Crazy Yiuf
  6471 | D:5      | Entered Level 5 of the Dungeon
  6608 | D:5      | Found a runed translucent door.
  7140 | D:5      | Noticed motoroller71's ghost (novice HuGl)
  7262 | D:5      | Reached skill level 5 in Dodging
  7429 | D:6      | Reached * piety under Sif Muna
  7595 | D:6      | Identified the +1 robe of Hairiness {rF- rC++ MR+ Regen+}
  7768 | D:6      | Found a sand-covered staircase.
  7772 | Ossuary  | Entered an ossuary
  7786 | Ossuary  | Reached skill level 1 in Armour
  7786 | Ossuary  | Reached XP level 8. HP: 31/41 MP: 12/15
  8107 | Ossuary  | Reached skill level 8 in Summonings
  9073 | D:6      | Found a hide-covered altar of Uskayaw.
  9198 | D:6      | Reached skill level 5 in Spellcasting
  9358 | D:6      | Reached ** piety under Sif Muna
  9426 | D:6      | Found a staircase to the Ecumenical Temple.
 10168 | D:7      | Reached XP level 9. HP: 32/45 MP: 15/17
 10713 | D:7      | HP: 2/45 [poisoned by a killer bee]
 11275 | D:7      | Got a heavily runed zirconium amulet
 11277 | D:7      | Identified the amulet of Goaq {Reflect +Inv rC+ Int+3 Dex-4
                  | SH+3} (You found it on level 7 of the Dungeon)
 11776 | D:8      | Reached skill level 9 in Summonings
 11994 | D:8      | Killed an unseen horror
 11994 | D:8      | Reached skill level 1 in Evocations
 12260 | D:8      | Noticed a two-headed ogre
 12296 | D:8      | Killed a two-headed ogre
 12296 | D:8      | Reached skill level 5 in Ice Magic
 12442 | D:8      | Reached *** piety under Sif Muna
 12455 | D:8      | Found a staircase to the Lair.
 12519 | D:8      | Reached XP level 10. HP: 50/50 MP: 20/20
 13101 | D:9      | Reached skill level 1 in Fighting
 13409 | D:9      | Noticed Prince Ribbit
 13457 | D:9      | Killed Prince Ribbit
 14005 | D:9      | Found an opulent altar of Gozag.
 14005 | D:9      | Found a snail-covered altar of Cheibriados.
 14322 | D:3      | Killed Edmund
 14421 | D:5      | Killed motoroller71's ghost
 14421 | D:5      | Reached skill level 10 in Summonings
 14515 | D:10     | Entered Level 10 of the Dungeon
 14722 | D:10     | Noticed Fannar
 14729 | D:10     | Noticed a two-headed ogre
 14754 | D:9      | Killed a two-headed ogre
 15216 | D:10     | HP: 1/53 [Fannar/+0 quarterstaff of freezing (8)]
 15217 | D:10     | Slain by an ice beast

Levels and vault maps discovered:
D:1:      erik_arrival_cave_to_civilisation [erik_arrival_cave_to_hall],
          layout_loops_ring, minivault_26
D:2:      layout_basic, nicolae_overflow_hidden_temple, nrook_mini_backslash
D:3:      layout_basic, ashenzari_altar_1, first_ration,
          hangedman_decor_growths, uniq_robin
D:4:      layout_cave_pools, lemuel_doored_altar, old_standard_altar,
          uniq_menkaure, uniq_edmund, uniq_crazy_yiuf_cottage
D:5:      layout_basic, ebering_ghost_reflecting_pool,
          chequers_serial_rivers_micro_c
D:6:      layout_loops_ring, temple_pool_b,
          nicolae_ossuary_entry_false_entrances, basic_altar
D:7:      layout_basic
D:8:      layout_loops_ring, lair_entry_dummy
D:9:      layout_gridville, gammafunk_temple_overflow_wave, uniq_prince_ribbit1
D:10:     layout_cave_pools, zombieorc1_lemuel, basic_altar, uniq_fannar

Skill      XL: |  1  2  3  4  5  6  7  8  9 10 |
---------------+-------------------------------+-----
Summonings     | 5 6 7 8 9 10 | 10.1
Dodging        | 3 4 5 6 7 |  7.9
Spellcasting   | 3 4 5 6 |  6.7
Ice Magic      | 1 2 3 5 |  5.1
Armour         | 1 3 4 |  4.0
Evocations     | 2 3 |  3.8
Fighting       | 2 |  2.4
Stealth        | |  2.0

Action                   |  1- 3 |  4- 6 |  7- 9 | 10-12 || total
-------------------------+-------+-------+-------+-------++-------
Melee: Unarmed           |    77 |       |       |       ||    77
       Kick              |    14 |    19 |    52 |    14 ||    99
       Peck              |    10 |    14 |    35 |     6 ||    65
       Short sword       |    11 |       |       |       ||    11
       Halberd           |     4 |   124 |   320 |   126 ||   574
 Cast: Summon Small Mamm |    39 |    33 |       |       ||    72
       Call Imp          |     2 |    25 |    71 |    32 ||   130
       Call Canine Famil |     1 |    11 |    26 |    11 ||    49
       Summon Ice Beast  |       |       |       |     2 ||     2
Invok: Divine Energy     |       |       |       |     1 ||     1
 Abil: Fly               |       |     1 |       |       ||     1
       Evoke Invisibilit |       |       |       |     2 ||     2
Evoke: Wand              |       |       |     2 |       ||     2
  Use: Scroll            |       |     7 |    12 |     4 ||    23
       Potion            |       |       |     2 |       ||     2
 Stab: Sleeping          |     6 |     5 |     4 |       ||    15
       Distracted        |     1 |     2 |    10 |     1 ||    14
       Confused          |       |       |     3 |       ||     3
       Invisible         |       |       |       |     1 ||     1
  Eat: Chunk             |     4 |     8 |    14 |     5 ||    31
       Ration            |       |     2 |     3 |     1 ||     6
Armor: Robe              |    31 |    14 |     2 |       ||    47
       Ring mail         |       |       |    57 |    70 ||   127
Dodge: Dodged            |    86 |   109 |   220 |   157 ||   572
Block: Other             |       |       |    12 |    28 ||    40
       Reflection        |       |       |     1 |       ||     1

Table legend:
 A = Non-vault XP
 B = Vault XP
 C = Vault XP percentage of total XP
 D = Non-vault monster count
 E = Vault monster count
 F = Vault count percentage of total count
                 A         B        C        D         E       F
            +---------+---------+-------+---------+---------+-------
      Total |    5550 |    1207 |  17.9 |     209 |      42 |  16.7
            +---------+---------+-------+---------+---------+-------
        D:1 |      38 |       2 |   5.0 |      24 |       1 |   4.0
        D:2 |     100 |      14 |  12.3 |      24 |       1 |   4.0
        D:3 |      87 |     121 |  58.2 |      22 |      10 |  31.2
        D:4 |     436 |     140 |  24.3 |      29 |       2 |   6.5
        D:5 |     263 |     301 |  53.4 |      21 |       1 |   4.5
        D:6 |     740 |       0 |   0.0 |      24 |       0 |   0.0
        D:7 |     672 |       0 |   0.0 |      17 |       0 |   0.0
        D:8 |    1981 |       0 |   0.0 |      31 |       0 |   0.0
        D:9 |    1159 |     139 |  10.7 |      16 |       1 |   5.9
       D:10 |      74 |      17 |  18.7 |       1 |       2 |  66.7
    Ossuary |       0 |     473 | 100.0 |       0 |      24 | 100.0
            +---------+---------+-------+---------+---------+-------
